 Dungeon Crawl Stone Soup version 0.25-a0-544-gee0576305d (webtiles) character file.

Game seed: 17126217837919686161, levelgen mode: classic

75709 EnegeticOcto the Cleaver (level 15, 106/146 HPs)
             Began as a Deep Dwarf Fighter on Feb 20, 2020.
             Was the Champion of Makhleb.
             Quit the game on level 4 of the Lair of Beasts.
             The game lasted 00:15:33 (14130 turns).

EnegeticOcto the Cleaver (Deep Dwarf Fighter)      Turns: 14130, Time: 00:15:33

Health: 106/146    AC: 32    Str: 24    XL:     15   Next: 10%
Magic:  2/2        EV:  9    Int: 11    God:    Makhleb [******]
Gold:   1683       SH: 28    Dex: 13    Spells: 14/14 levels left

rFire    + . .     SeeInvis +   a - +2 broad axe (venom)
rCold    . . .     Gourm    .   L - +2 tower shield {rF+}
rNeg     + . .     Faith    .   h - +9 plate armour {ponderous}
rPois    +         Spirit   .   o - +1 hat {SInv}
rElec    .         Reflect  +   B - +2 cloak {MR+}
rCorr    .         Harm     .   (no gloves)
MR       +++..                  E - +2 pair of boots {Stlth+}
Stlth    ..........             q - brooch of Shielding {Reflect SH+8}
HPRegen  0.00/turn              g - +3 ring of dexterity
MPRegen  0.08/turn              J - ring of poison resistance

@: non-regenerating, slow
A: damage resistance, heal wounds, clumsy 1, negative energy resistance 1, sense
surroundings 2, no regeneration
a: Heal Wounds, Minor Destruction, Lesser Servant of Makhleb, Major Destruction,
Greater Servant of Makhleb, Renounce Religion


You were on level 4 of the Lair of Beasts.
You worshipped Makhleb.
Makhleb was exalted by your worship.
You were not hungry.

You visited 4 branches of the dungeon, and saw 21 of its levels.
You also visited: Gauntlet.

You collected 2025 gold pieces.
You spent 342 gold pieces at shops.

Inventory:

Hand Weapons
 a - a +2 broad axe of venom (weapon)
 f - a +3 war axe of electrocution
Armour
 h - a +9 plate armour of ponderousness (worn)
 o - a +1 hat of see invisible (worn)
 B - a +2 cloak of magic resistance (worn)
 E - a +2 pair of boots of stealth (worn)
 L - a +2 tower shield of fire resistance (worn)
Jewellery
 g - a +3 ring of dexterity (left hand)
 q - the brooch of Shielding (around neck) {Reflect SH+8}
   (You found it on level 2 of the Orcish Mines)

   [amulet of reflection]

   It shields you and reflects attacks.
   It affects your SH (+8).
 J - a ring of poison resistance (right hand)
 Q - an uncursed ring of protection from fire {unknown}
Wands
 b - a wand of paralysis (15)
 l - a wand of flame (42)
 n - a wand of disintegration (9)
 s - a wand of digging (6) {@v2}
 v - a wand of scattershot (7)
 w - a wand of polymorph (12)
 D - a wand of enslavement (4)
 H - a wand of iceblast (30)
Scrolls
 m - 5 scrolls of remove curse {@r6}
 p - 8 scrolls of teleportation {@r2}
 t - 2 scrolls of blinking {@r3}
 u - 2 scrolls of magic mapping {@r5}
 y - 3 scrolls of fear
 F - 3 scrolls of enchant armour
 G - a scroll of fog
 K - a scroll of amnesia
 N - 2 scrolls of identify {@r1}
 O - 3 scrolls of immolation {@r4}
 P - a scroll of enchant weapon
Potions
 d - 4 potions of flight
 i - 6 potions of curing {@q1}
 j - 3 potions of stabbing {@q5}
 k - 2 potions of might {@q3}
 r - 3 potions of lignification {@q7}
 x - 3 potions of brilliance
 z - a potion of invisibility
 A - 2 potions of degeneration
 C - 2 potions of berserk rage
 I - 3 potions of mutation
 M - a potion of cancellation
Comestibles
 c - 4 chunks of flesh
 e - 30 rations


   Skills:
 * Level 12.8 Fighting
 * Level 14.6 Axes
 + Level 11.2 Armour
 - Level 9.8 Dodging
 * Level 10.6 Shields
 * Level 13.4 Invocations


You had 14 spell levels left.
You didn't know any spells.
Your spell library was empty.

Dungeon Overview and Level Annotations

Branches:
Dungeon (14/15)            Temple (1/1) D:4            Lair (4/6) D:8
  Swamp (0/4) Lair:2       Spider (0/4) Lair:3          Orc (2/2) D:10
    Elf (0/3) Orc:2        Vaults (0/5) D:14        Gauntlet (visited)

Altars:
Ashenzari
Elyvilon
Gozag
Hepliaklqana
Kikubaaqudgha
Makhleb
Uskayaw
Wu Jian
Yredelemnul
Zin
The Shining One
Beogh

Shops:
D:4 %=[(*   D:5 *   D:9 *   D:11 [   D:13 (   D:14 }

Annotations:
D:8 1 runed translucent door, 1 exclusion
Lair:3 exclusions: 4 oklob plants and 1 more exclusion
Orc:2 1 exclusion


Innate Abilities, Weirdness & Mutations

You are resistant to damage.
You can heal yourself by infusing magical energy.
You resist negative energy. (rN+)
You passively map the area around you.
You do not regenerate.
You are clumsy. (Dex -2)


Message History

You now have 1672 gold pieces (gained 20).
A bullfrog comes into view.
A bullfrog is nearby!
A bullfrog is nearby!
A bullfrog is nearby!
A bullfrog is nearby!
A bullfrog is nearby!
A bullfrog is nearby!
You block the bullfrog's attack.
Found an escape hatch in the floor.
You slash the bullfrog!
The bullfrog looks as sick as possible!
The bullfrog is severely wounded.
You block the bullfrog's attack.
You barely miss the bullfrog.
The bullfrog is severely wounded.
You kill the bullfrog!
Makhleb accepts your kill.
You feel better.
No target in view!
No target in view!
No target in view!
No target in view!
No target in view!
No target in view!
You now have 1683 gold pieces (gained 11).
You butcher the bullfrog corpse.
c - 4 chunks of flesh (gained 2)
You see here a bullfrog skeleton. x2
r - 3 potions of lignification {@q7} (gained 1)
Found a scale mail.
Found a stone staircase leading up.
A catoblepas comes into view.
The catoblepas bellows!
You slash the catoblepas!
The catoblepas is poisoned.
The catoblepas is lightly wounded.
The catoblepas breathes a plume of calcifying dust at you.
The blast of calcifying dust hits you. The catoblepas gores you!
You hit the catoblepas but do no damage.
The catoblepas looks as sick as possible!
The catoblepas is lightly wounded.
The catoblepas gores you but does no damage.
You slash the catoblepas!
The catoblepas looks as sick as possible!
The catoblepas is moderately wounded.
You block the catoblepas's attack.
You completely miss the catoblepas.
The catoblepas is moderately wounded.
You block the catoblepas's attack.
You slash the catoblepas!
The catoblepas is heavily wounded.
The catoblepas barely misses you.
You slash the catoblepas!
The catoblepas is severely wounded.
The catoblepas gores you!
You completely miss the catoblepas.
The catoblepas is almost dead.
You block the catoblepas's attack.
You completely miss the catoblepas.
The catoblepas is almost dead.
The catoblepas breathes a plume of calcifying dust at you.
The blast of calcifying dust hits you.
The bush is engulfed in calcifying dust.
You block the catoblepas's attack.
You hit the catoblepas but do no damage.
The catoblepas is almost dead.
The bush is engulfed in calcifying dust.
The bush turns to stone!
The catoblepas breathes a plume of calcifying dust at you.
The blast of calcifying dust hits you.
The bush is engulfed in calcifying dust.
The catoblepas breathes a plume of calcifying dust at you.
The blast of calcifying dust hits you but does no damage.
You are a level 15 Deep Dwarf Fighter.
You are 8% of the way to level 16.
Play time: 00:13:54 (14126 turns)
You block the catoblepas's attack.
You hit the catoblepas but do no damage.
The catoblepas looks as sick as possible!
The catoblepas is almost dead.
The catoblepas breathes a plume of calcifying dust at you.
The blast of calcifying dust hits you but does no damage.
You block the catoblepas's attack.
You hit the catoblepas but do no damage.
The catoblepas is almost dead.
You kill the catoblepas!
Makhleb accepts your kill.
You feel better.
No target in view!
No target in view!
No target in view!
No target in view!
No target in view!
No target in view!
Unknown command.
Search for what [Enter for "broad", or ? for help]? apportation Can't find anything matching that.
Unknown command.
Unknown command.
No target in view!
Are you sure you want to abandon this character and quit the game? (Confirm with "yes".)

* * ######## , ** #
######## ##......# +, ,
#.#..§...## ###......# , ,
#....§@..####.#......#* ,
,...+§§§.†.###..........##
, * #...§..+....#.........
*, #......[.#####P.......P
, * *** #........#
#####....# ...# ##§.....##
#.#### ..#.## ##...P##
#.## ....P#* #....# #.P#
.....# #...... ## ##..##


There were no monsters in sight!

Vanquished Creatures
  The ghost of EnegeticOcto the Cleaver, a journeyman DDFi of Makhleb (Orc:2)
  Nessos (D:13)
  A minotaur (Gauntlet)
  Azrael (D:13)
  5 hydras
  A rakshasa (D:14)
  3 centaur warriors (D:13)
  A vault guard (D:14)
  A catoblepas (Lair:4)
  A death knight (D:12)
  2 two-headed ogres
  5 tengu warriors
  2 orc high priests
  Sonja (D:11)
  4 unseen horrors
  3 wizards (D:14)
  4 necromancers
  An ugly thing (D:11)
  9 orc knights (Orc:2)
  A deep elf mage (D:12)
  2 orc sorcerers
  A wolf spider (Lair:3)
  5 cyclopes
  A manticore (D:9)
  2 black mambas (Lair:1)
  Maurice (D:9)
  4 gargoyles
  3 centaur skeletons
  3 spiny frogs
  7 kobold demonologists
  A rime drake (Lair:4)
  3 komodo dragons
  2 efreet
  A tengu conjurer (Gauntlet)
  7 trolls
  2 jumping spiders (Lair:3)
  A hornet (D:13)
  2 polar bears (Lair:3)
  13 blink frogs
  10 hippogriffs
  A meliai zombie (D:13)
  2 shadows
  A redback (Lair:3)
  19 humans
  A vampire (D:14)
  A wraith (D:13)
  3 hogs (D:7)
  26 yaks
  2 basilisks (Lair:2)
  4 wyverns
  2 hungry ghosts
  Grum (D:9)
  2 fire elementals (D:13)
  3 swamp worms
  2 wargs
  A soldier ant (D:12)
  3 hell hounds (D:13)
  Duvessa (D:6)
  4 water moccasins
  5 porcupines
  35 orc warriors
  6 ice beasts
  2 sky beasts (D:6)
  2 black bears
  11 ogres
  5 phantoms
  10 centaurs
  19 wolves
  7 crocodiles
  6 big kobolds
  16 bullfrogs
  A wyvern zombie (D:13)
  2 small abominations (Gauntlet)
  3 scorpions
  Dowan (D:6)
  21 killer bees
  17 wights
  5 electric eels
  A howler monkey (D:4)
  3 centaur zombies
  10 crimson imps
  A bullfrog zombie (D:12)
  2 quasits
  4 jellies
  A human zombie (D:8)
  9 hounds
  3 bullfrog skeletons
  29 orc priests
  17 orc wizards
  4 iguanas
  16 worker ants
  A hound skeleton (D:5)
  A worker ant zombie (D:7)
  17 gnolls
  10 adders
  4 shadow imps
  2 oozes (D:4)
  An adder skeleton (D:4)
  3 worms
  A dart slug (D:4)
  7 leopard geckos
  95 orcs
  3 bats
  3 giant cockroaches
  28 goblins
  23 hobgoblins
  6 jackals
  4 quokkas
  A ball python (D:2)
  2 frilled lizards
  A goblin skeleton (D:8)
  30 kobolds
  A kobold skeleton (D:8)
  A leopard gecko skeleton (D:6)
  A quokka skeleton (D:5)
  A rat (D:1)
  A fungus (Lair:1)
  A plant (Lair:2)
721 creatures vanquished.

Vanquished Creatures (collateral kills)
  Gastronok (D:8)
  Snorg (D:13)
  An orc high priest (Orc:2)
  An orc knight (Orc:2)
  2 yaks (D:14)
  A basilisk (D:14)
  A fire elemental (D:13)
  A naga (shapeshifter) (D:14)
  2 orc priests (Orc:2)
  5 orcs
16 creatures vanquished.

Vanquished Creatures (others)
  A cyclops (D:11)
  An orc warrior (Orc:2)
  4 centaurs
  An orc (D:13)
  2 goblins (D:5)
  A hobgoblin (D:5)
  3 fungi
  A plant (Lair:3)
14 creatures vanquished.

Grand Total: 751 creatures vanquished

Notes
Turn   | Place    | Note
-------+----------+-------------------------------------------
     0 | D:1      | EnegeticOcto the Deep Dwarf Fighter began the quest for the
                  | Orb.
     0 | D:1      | Reached XP level 1. HP: 20/20 MP: 1/1
   274 | D:2      | Reached XP level 2. HP: 25/27 MP: 2/2
   326 | D:4      | Found Penot's Jewellery Shop.
   330 | D:4      | Found Cefung's Antique Armour Boutique.
   364 | D:4      | Found a staircase to the Ecumenical Temple.
   382 | D:4      | Reached skill level 3 in Axes
   382 | D:4      | Reached skill level 1 in Dodging
   382 | D:4      | Reached XP level 3. HP: 32/34 MP: 3/3
   387 | D:4      | Reached XP level 4. HP: 38/42 MP: 4/4
   418 | Temple   | Entered the Ecumenical Temple
   455 | Temple   | Became a worshipper of Makhleb the Destroyer
   530 | D:4      | Found Ompacludd's Food Shop.
   586 | D:4      | Reached XP level 5. HP: 26/50 MP: 5/5
   637 | D:4      | Noticed an ogre
   644 | D:4      | Killed an ogre
   644 | D:4      | Reached skill level 4 in Axes
   644 | D:4      | Reached skill level 1 in Invocations
   644 | D:4      | Reached XP level 6. HP: 51/57 MP: 5/7
   803 | D:4      | Found Ruatent's Weapon Shoppe.
   820 | D:4      | Found Legiavaavve's Assorted Antiques.
   850 | D:4      | Bought a scroll labeled FOAN LOSTREBLYU for 29 gold pieces
   850 | D:4      | Bought a scroll labeled VANWOIT NOMA for 29 gold pieces
   850 | D:4      | Bought a scroll labeled BUEKHO ORYM for 29 gold pieces
  1075 | D:5      | Entered Level 5 of the Dungeon
  1078 | D:5      | Found Asof's Elemental Accessories.
  1296 | D:5      | Reached XP level 7. HP: 39/66 MP: 8/8
  1469 | D:5      | Reached skill level 5 in Axes
  1739 | D:5      | Reached * piety under Makhleb
  1908 | D:5      | Reached skill level 5 in Fighting
  1979 | D:5      | Reached ** piety under Makhleb
  2027 | D:5      | Reached XP level 8. HP: 69/74 MP: 9/9
  2612 | D:6      | Reached skill level 5 in Armour
  2612 | D:6      | Reached skill level 5 in Shields
  2629 | D:6      | Reached skill level 6 in Axes
  2680 | D:6      | Reached *** piety under Makhleb
  3137 | D:7      | Noticed Duvessa
  3140 | D:7      | Noticed Dowan
  3161 | D:6      | Killed Dowan
  3170 | D:6      | Killed Duvessa
  3188 | D:6      | Gained mutation: You passively map the area around you.
                  | [Deep Dwarf growth]
  3188 | D:6      | Reached XP level 9. HP: 64/82 MP: 8/8
  3222 | D:7      | Reached skill level 7 in Axes
  3519 | D:7      | Reached skill level 5 in Invocations
  3547 | D:7      | Reached skill level 5 in Dodging
  3742 | D:8      | Reached **** piety under Makhleb
  3802 | D:8      | Reached skill level 8 in Axes
  3823 | D:8      | Found a staircase to the Lair.
  4117 | D:8      | Noticed Gastronok
  4149 | D:8      | Killed Gastronok
  4149 | D:8      | Reached XP level 10. HP: 77/94 MP: 7/7
  4220 | D:8      | Noticed a gargoyle
  4225 | D:8      | Killed a gargoyle
  4228 | D:8      | Noticed a gargoyle
  4241 | D:8      | Killed a gargoyle
  4241 | D:8      | Reached skill level 9 in Axes
  4317 | D:8      | Found a runed translucent door.
  4318 | D:8      | Found a basalt altar of Yredelemnul.
  4826 | D:9      | Noticed a manticore
  4864 | D:9      | Killed a manticore
  5015 | D:9      | Noticed Maurice
  5037 | D:9      | Killed Maurice
  5037 | D:9      | Reached XP level 11. HP: 104/104 MP: 7/7
  5063 | D:9      | Found Tuxatiq's Lightly-Used Armoury.
  5141 | D:9      | Reached ***** piety under Makhleb
  5226 | D:9      | Noticed Grum
  5258 | D:9      | Killed Grum
  5503 | D:10     | Entered Level 10 of the Dungeon
  5503 | D:10     | Found a staircase to the Orcish Mines.
  5512 | D:10     | Noticed a sixfirhy
  5532 | D:10     | Reached skill level 10 in Axes
  6600 | D:10     | Noticed an unseen horror
  6637 | D:10     | Killed an unseen horror
  6950 | D:11     | Found a shattered altar of Ashenzari.
  6967 | D:11     | You fall into a shaft and drop 3 floors!
  7015 | D:14     | Noticed a tengu warrior
  7033 | D:14     | Noticed an unseen horror
  7061 | D:14     | Killed an unseen horror
  7061 | D:14     | Reached skill level 11 in Axes
  7079 | D:14     | Killed a tengu warrior
  7079 | D:14     | Reached XP level 12. HP: 84/116 MP: 5/5
  7127 | D:14     | Found Tumukhlyn's Gadget Shop.
  7154 | D:14     | Found a gate leading to a gauntlet.
  7158 | D:14     | Noticed a tengu warrior
  7158 | D:14     | Noticed a two-headed ogre
  7158 | D:14     | Noticed a tengu warrior
  7159 | D:14     | Noticed a tengu warrior
  7163 | D:14     | Killed a two-headed ogre
  7165 | D:14     | Killed a tengu warrior
  7173 | D:14     | Killed a tengu warrior
  7173 | D:14     | Reached skill level 10 in Fighting
  7176 | D:14     | Noticed a seven-headed hydra
  7185 | D:14     | Killed a seven-headed hydra
  7189 | D:14     | Killed a tengu warrior
  7189 | D:14     | Reached ****** piety under Makhleb
  7196 | Gauntlet | Entered a Gauntlet
  7196 | Gauntlet | Found a transporter.
  7196 | Gauntlet | Found a transporter.
  7196 | Gauntlet | Found a transporter.
  7196 | Gauntlet | Noticed a catoblepas
  7200 | Gauntlet | Found a transporter.
  7213 | Gauntlet | Found a transporter.
  7216 | Gauntlet | Found a transporter.
  7237 | Gauntlet | Found a transporter.
  7241 | Gauntlet | Found a transporter.
  7258 | Gauntlet | Found a transporter.
  7276 | Gauntlet | Found a transporter.
  7284 | Gauntlet | Found a transporter.
  7284 | Gauntlet | Noticed a tengu warrior
  7301 | Gauntlet | Found a transporter.
  7446 | Gauntlet | Killed a tengu warrior
  7584 | Gauntlet | Noticed a minotaur
  7607 | Gauntlet | Killed a minotaur
  7607 | Gauntlet | Reached skill level 12 in Axes
  7976 | D:14     | Reached skill level 10 in Invocations
  7978 | D:14     | Reached XP level 13. HP: 124/124 MP: 5/5
  8006 | D:14     | Found a gate to the Vaults.
  8260 | D:13     | Found a runed translucent door.
  8273 | D:13     | Found Dekogrev's Weapon Boutique.
  8293 | D:13     | Reached skill level 13 in Axes
  8333 | D:13     | Noticed Azrael
  8335 | D:13     | Noticed Snorg
  8352 | D:13     | HP: 6/127 [Snorg (2)]
  8357 | D:13     | Killed Snorg
  8385 | D:13     | Killed Azrael
  8385 | D:13     | Reached skill level 10 in Armour
  8602 | D:13     | Noticed Nessos
  8620 | D:13     | Killed Nessos
  8945 | D:13     | Found a roughly hewn altar of Beogh.
  9254 | D:12     | Gained mutation: You resist negative energy. (rN+) [Deep
                  | Dwarf growth]
  9254 | D:12     | Reached XP level 14. HP: 43/136 MP: 1/1
  9819 | D:11     | Found Maaw's Antique Armour Shop.
  9829 | D:11     | Bought a shiny tower shield for 255 gold pieces
 10382 | D:11     | Noticed Sonja
 10385 | D:11     | Killed Sonja
 10505 | Orc:1    | Entered Level 1 of the Orcish Mines
 10702 | Orc:2    | Entered Level 2 of the Orcish Mines
 10725 | Orc:2    | Found a staircase to the Elven Halls.
 10818 | Orc:2    | Found a burning altar of Makhleb.
 10877 | Orc:2    | Found a runed translucent gate.
 10877 | Orc:2    | Found a runed translucent gate.
 10878 | Orc:2    | Found a runed translucent gate.
 10880 | Orc:2    | Noticed EnegeticOcto's ghost (journeyman DDFi)
 10883 | Orc:2    | Identified the +10 glaive of Mourning {flame, Str+4}
 10883 | Orc:2    | Identified the +2 chain mail of the Great Game {+Fly}
 10887 | Orc:2    | Found the brooch of Shielding {Reflect SH+8}
 11006 | Orc:2    | Reached skill level 14 in Axes
 11012 | Orc:2    | Gained mutation: You are clumsy. (Dex -2) [a neqoxec]
 11458 | Orc:2    | Found a roughly hewn altar of Beogh.
 11473 | Orc:2    | Killed EnegeticOcto's ghost
 11752 | Lair:1   | Entered Level 1 of the Lair of Beasts
 12005 | Lair:1   | Reached skill level 10 in Shields
 12672 | Lair:2   | Found a staircase to the Swamp.
 13170 | Lair:3   | Found an opulent altar of Gozag.
 13455 | Lair:3   | Reached XP level 15. HP: 146/146 MP: 1/1
 13582 | Lair:3   | Found a hole to the Spider Nest.
 14130 | Lair:4   | Quit the game

Levels and vault maps discovered:
D:1:      eino_arrival_water_cross, layout_basic
D:2:      layout_basic, minmay_pentomino_x2
D:3:      layout_basic, chequers_ecumenical_altar_lobes, grunt_ministairs_3,
          minmay_pentomino_pile
D:4:      minmay_angry_zag, layout_rooms, minmay_temple_entry_ruins,
          serial_shops, shop, nicolae_shop_crystal, shop,
          nicolae_shop_overgrown_old_shop, kennysheep_mini, minmay_unequal
D:5:      minmay_goblin_kobold_castle, layout_loops_corners, first_ration,
          nicolae_elemental_shop
D:6:      layout_basic, minmay_misc_feat_pillars
D:7:      layout_cave_pools, grunt_livestock, uniq_duvessa
D:8:      cheibrodos_statue_roulette, layout_basic, lair_entry_dummy,
          dk_yredelemnul_ordeal, uniq_gastronok
D:9:      minmay_blocky_corners, layout_basic, minmay_shop_damaged,
          uniq_maurice, uniq_grum
D:10:     minmay_quarter_circles, layout_basic, orc_0_dummy
D:11:     layout_loops_ring, serial_shops, nicolae_shop_trees, chequers_jeans,
          lemuel_altar_in_water, uniq_sonja
D:12:     layout_basic
D:13:     layout_basic, serial_shops, nicolae_shop_trees,
          lightli_church_of_beogh, uniq_nessos, uniq_snorg, uniq_azrael
D:14:     layout_rooms, grunt_vaults_entry_tiered, gauntlet_entry_generic,
          serial_shops, kennysheep_little_box
Temple:   regret_index_temple_sigil_plot
Lair:1:   layout_regular_city, st_stairs_6, grunt_megastairs_5
Lair:2:   layout_gridlike, minmay_swamp_entry_worms, lemuel_fruit_fields
Lair:3:   layout_regular_city, spider_nest_entry_funnel_web,
          lemuel_centaur_altar, serial_bayou_shore_b, minmay_lair_oklob_chamber,
          infiniplex_staircase_pool_2
Lair:4:   layout_roguey
Orc:1:    layout_caves
Orc:2:    st_orc_pillars, layout_caves, biasface_ghost_orc_armoury,
          bloody_makhleb

Skill      XL: |  1  2  3  4  5  6  7  8  9 10 11 12 13 14 |
---------------+-------------------------------------------+-----
Fighting       | 3 4 5 6 7 8 9 10 11 12 | 12.8
Axes           | 3 4 5 6 8 9 11 12 13 14 | 14.6
Dodging        | 1 2 3 4 5 6 7 8 9 |  9.8
Armour         | 4 5 6 7 8 9 10 11 | 11.2
Shields        | 4 5 6 7 8 9 10 | 10.6
Invocations    | 1 2 3 4 6 7 8 10 11 13 | 13.4

Action                   |  1- 3 |  4- 6 |  7- 9 | 10-12 | 13-15 || total
-------------------------+-------+-------+-------+-------+-------++-------
Melee: War axe           |    53 |   136 |   561 |   709 |   576 ||  2035
       Battleaxe         |       |       |       |    96 |   397 ||   493
       Broad axe         |       |       |       |       |    45 ||    45
Invok: Lesser Servant of |       |       |     1 |     4 |     8 ||    13
 Abil: Heal Wounds       |       |     1 |    11 |    23 |    24 ||    59
Evoke: Wand              |       |       |       |     4 |     8 ||    12
  Use: Scroll            |       |     5 |     7 |     7 |     8 ||    27
       Potion            |       |       |       |       |     5 ||     5
 Stab: Distracted        |       |       |     1 |       |     1 ||     2
       Paralysed         |       |       |       |       |     4 ||     4
  Eat: Chunk             |       |     1 |    11 |    12 |    23 ||    47
       Ration            |       |       |       |     2 |       ||     2
Armor: Scale mail        |    20 |    58 |   156 |    78 |       ||   312
       Plate armour      |       |       |       |   421 |   723 ||  1144
Dodge: Dodged            |    23 |    47 |   175 |   395 |   560 ||  1200
Block: Kite shield       |    32 |   132 |   475 |   740 |       ||  1379
       Reflection        |       |     6 |    16 |    19 |    29 ||    70
       Other             |       |       |       |    29 |   129 ||   158
       Tower shield      |       |       |       |       |   821 ||   821

Table legend:
 A = Non-vault XP
 B = Vault XP
 C = Vault XP percentage of total XP
 D = Non-vault monster count
 E = Vault monster count
 F = Vault count percentage of total count
                 A         B        C        D         E       F
            +---------+---------+-------+---------+---------+-------
      Total |   66532 |   41624 |  38.5 |     490 |     254 |  34.1
            +---------+---------+-------+---------+---------+-------
        D:1 |       7 |       0 |   0.0 |       5 |       0 |   0.0
        D:2 |      15 |       0 |   0.0 |       7 |       0 |   0.0
        D:4 |     271 |     222 |  45.0 |      22 |       7 |  24.1
        D:5 |     655 |     281 |  30.0 |      18 |      61 |  77.2
        D:6 |     916 |     223 |  19.6 |      25 |       2 |   7.4
        D:7 |     936 |     991 |  51.4 |      20 |       5 |  20.0
        D:8 |    1115 |    2748 |  71.1 |      35 |       6 |  14.6
        D:9 |    2043 |    2400 |  54.0 |      35 |      11 |  23.9
       D:10 |    2686 |    3160 |  54.1 |      35 |      24 |  40.7
       D:11 |    4267 |     807 |  15.9 |      38 |       1 |   2.6
       D:12 |    6336 |       0 |   0.0 |      25 |       0 |   0.0
       D:13 |   10974 |    5903 |  35.0 |      58 |      20 |  25.6
       D:14 |   13061 |    8538 |  39.5 |      42 |      25 |  37.3
     Lair:1 |    4158 |     834 |  16.7 |      18 |       3 |  14.3
     Lair:2 |    6474 |     167 |   2.5 |      29 |       1 |   3.3
     Lair:3 |    3868 |    1997 |  34.0 |      21 |       7 |  25.0
     Lair:4 |    2639 |       0 |   0.0 |       5 |       0 |   0.0
      Orc:1 |    1310 |       0 |   0.0 |      14 |       0 |   0.0
      Orc:2 |    4801 |    9471 |  66.4 |      38 |      69 |  64.5
   Gauntlet |       0 |    3882 | 100.0 |       0 |      12 | 100.0
            +---------+---------+-------+---------+---------+-------
